 Dungeon Crawl Stone Soup version 0.21.0 (webtiles) character file.

398 mopl the Slasher (level 6, -1/35 HPs)
             Began as a Tengu Skald on Jan 7, 2018.
             Was an Initiate of Okawaru.
             Slain by Lanoc's ghost (4 damage)
             ... on level 4 of the Dungeon.
             The game lasted 00:05:02 (2800 turns).

mopl the Slasher (Tengu Skald)                      Turns: 2800, Time: 00:05:03

Health: -1/35      AC:  7    Str: 13    XL:     6   Next: 83%
Magic:  10/10      EV: 11    Int: 13    God:    Okawaru [......]
Gold:   107        SH:  0    Dex: 14    Spells: 1/9 levels left

rFire    . . .     SeeInvis .   a - +0 falchion
rCold    + . .     Gourm    .   (no shield)
rNeg     . . .     Faith    .   l - +2 ring mail {rC+}
rPois    .         Spirit   .   (helmet restricted)
rElec    .         Reflect  .   (no cloak)
rCorr    .         Harm     .   (no gloves)
MR       .....                  (boots unavailable)
Stlth    +.........             (no amulet)
HPRegen  0.11/turn              (no ring)
MPRegen  0.12/turn              (no ring)

@: no status effects
A: beak, talons 3, able to fly 1
a: Fly, Renounce Religion


You were on level 4 of the Dungeon.
You worshipped Okawaru.
Okawaru was noncommittal.
You were not hungry.

You visited 2 branches of the dungeon, and saw 5 of its levels.

You collected 107 gold pieces.

Inventory:

Hand Weapons
 a - a +0 falchion (weapon)
 b - a +0 dagger of venom
 i - a +0 dagger of pain
Missiles
 p - 19 poisoned needles
Armour
 l - a +2 ring mail of cold resistance (worn)
Scrolls
 e - a scroll of teleportation {unknown}
 f - 2 scrolls of magic mapping {unknown}
 k - a scroll of amnesia {unknown}
 m - a scroll of enchant armour {unknown}
 n - a scroll of fear {unknown}
 r - a scroll of enchant weapon {unknown}
 t - 2 scrolls of identify {unknown}
Potions
 g - a potion of curing {unknown}
 j - a potion of flight {unknown}
 o - a potion of haste {unknown}
 q - 2 potions of lignification {unknown}
 s - a potion of agility {unknown}
Books
 c - a book of Battle

   Spells                             Type                      Level
   a - Infusion                       Charms                       1
   b - Shroud of Golubria             Charms/Translocation         2
   c - Song of Slaying                Charms                       2
   d - Spectral Weapon                Hexes/Charms                 3
   e - Regeneration                   Charms/Necromancy            3
Comestibles
 d - 7 rations
 h - 9 chunks of flesh


   Skills:
 - Level 2.0 Fighting
 * Level 7.5 Long Blades
 - Level 1.1 Armour
 - Level 2.1 Dodging
 - Level 2.0 Spellcasting
 - Level 2.4 Charms
 + Level 1.3 Invocations


You had one spell level left.
You knew the following spells:

 Your Spells              Type           Power        Failure   Level  Hunger
a - Infusion              Chrm           #...         21%         1    ##.....
b - Song of Slaying       Chrm           #.......     30%         2    ###....
c - Spectral Weapon       Hex/Chrm       #.......     69%         3    ####...
f - Shroud of Golubria    Chrm/Tloc      #.........   45%         2    ###....


Dungeon Overview and Level Annotations

Branches:
Dungeon (4/15)             Temple (1/1) D:4

Altars:
Cheibriados
Dithmenos
Elyvilon
Gozag
Makhleb
Okawaru
Uskayaw
Xom
The Shining One

Annotations:
D:4 Lanoc's ghost, novice DrCj


Innate Abilities, Weirdness & Mutations

You have a beak for a mouth.
You have claws for feet.
You can fly.


Message History

There is a stone staircase leading down here.
You start resting.
Magic restored.
You start resting.
You climb downwards.
There is a stone staircase leading up here.
Found a stone staircase leading up.
Found a stone staircase leading down.
Lanoc's ghost (novice Red Draconian Conjurer) comes into view.
Lanoc's ghost turns its malevolent gaze towards you.
Found a shiny iron wand, 11 gold pieces and an orange potion.
Found an escape hatch in the floor.
Lanoc's ghost is nearby!
Lanoc's ghost casts a spell at you. The orb of energy hits you!
Ouch! That really hurt!
* * * LOW HITPOINT WARNING * * *
The orb of energy explodes!
Lanoc's ghost hits you.
You die...

..# ######## #........#
#.# ).#
#........#.#######.# ..#
#........#.........#
..######
#######......#.######..#
.......# .............#
#.......# ..####.#
.............# #.####.##
.....# ..........####
#[# ####.# ......W.#.##
#.# # .......@#..# # #.#
........##.## #.####.#
.$.../..#...# #....#.#
.....>..#...# ####.#.#
....!...#...# #......#
........##.## #.#.#####
#######.##..# #........
#.###.## ###.##### #.
#...# #.#..<.


You could see Lanoc's ghost.

Vanquished Creatures
  An ogre (D:4)
  Jessica (D:3)
  A worker ant (D:2)
  Natasha (thrice) (D:3)
  An orc wizard (D:3)
  A hound skeleton (D:4)
  6 adders
  A worm (D:2)
  A dart slug (D:1)
  2 leopard geckos
  12 orcs
  12 bats
  3 giant cockroaches
  7 hobgoblins
  7 jackals (D:2)
  A quokka (D:2)
  6 frilled lizards
  8 goblins
  8 kobolds
  A leopard gecko skeleton (D:4)
  9 rats
92 creatures vanquished.

Notes
Turn   | Place    | Note
-------+----------+-------------------------------------------
     0 | D:1      | mopl the Tengu Skald began the quest for the Orb.
     0 | D:1      | Reached XP level 1. HP: 12/12 MP: 4/4
   344 | D:1      | Reached skill level 3 in Long Blades
   344 | D:1      | Reached XP level 2. HP: 17/17 MP: 6/6
   348 | D:1      | Learned a level 2 spell: Song of Slaying
   351 | D:1      | Learned a level 2 spell: Shroud of Golubria
   683 | D:1      | Reached XP level 3. HP: 21/21 MP: 7/7
   919 | D:2      | Reached skill level 4 in Long Blades
  1225 | D:2      | Reached XP level 4. HP: 16/26 MP: 8/8
  1238 | D:2      | Reached skill level 5 in Long Blades
  2006 | D:3      | Gained mutation: You can fly. [Tengu growth]
  2006 | D:3      | Reached XP level 5. HP: 30/30 MP: 3/9
  2015 | D:3      | Learned a level 3 spell: Spectral Weapon
  2081 | D:3      | Noticed Jessica
  2093 | D:3      | Killed Jessica
  2126 | D:3      | Noticed Natasha
  2135 | D:3      | Killed Natasha
  2135 | D:3      | Reached skill level 6 in Long Blades
  2235 | D:3      | Noticed Natasha
  2243 | D:3      | Killed Natasha
  2243 | D:3      | Reached XP level 6. HP: 27/35 MP: 6/10
  2251 | D:3      | Noticed Natasha
  2261 | D:3      | Killed Natasha
  2501 | D:4      | Found a staircase to the Ecumenical Temple.
  2521 | Temple   | Entered the Ecumenical Temple
  2530 | Temple   | Became a worshipper of Warmaster Okawaru
  2544 | D:4      | Reached skill level 7 in Long Blades
  2582 | D:4      | Reached skill level 1 in Invocations
  2798 | D:4      | Noticed Lanoc's ghost (novice DrCj)
  2800 | D:4      | Slain by Lanoc's ghost

Skill      XL: |  1  2  3  4  5  6 |
---------------+-------------------+-----
Long Blades    | 3 4 5 6 7 |  7.5
Invocations    | 1 |  1.3
Fighting       | |  2.0
Armour         | |  1.1
Dodging        | |  2.1
Spellcasting   | |  2.0
Charms         | |  2.4

Action                   |  1- 3 |  4- 6 || total
-------------------------+-------+-------++-------
Melee: Falchion          |    94 |   116 ||   210
       Peck              |    13 |    16 ||    29
       Kick              |    16 |    29 ||    45
       Dagger            |       |     5 ||     5
 Cast: Infusion          |     1 |    15 ||    16
       Shroud of Golubri |       |     1 ||     1
 Abil: Fly               |       |     1 ||     1
  Eat: Chunk             |     1 |     6 ||     7
Armor: Scale mail        |    35 |       ||    35
       Ring mail         |    11 |    45 ||    56
Dodge: Dodged            |    53 |    65 ||   118
       Rpst.: Falchion   |    19 |    16 ||    35
